 Dungeon Crawl Stone Soup version 0.29.1-15-g9cfb28693d (webtiles) character file.

Game seed: 17808313612569548154

58 Smoke131 the Trooper (level 4, 0/48 HPs)
             Began as an Ogre Gladiator on Apr 29, 2023.
             Killed from afar by an orc wizard (11 damage)
             ... with a puff of flame
             ... on level 2 of the Dungeon.
             The game lasted 00:04:05 (1847 turns).

Smoke131 the Trooper (Ogre Gladiator)               Turns: 1847, Time: 00:04:06

Health: 0/48       AC:  4    Str: 20    XL:     4   Next: 2%
Magic:  4/4        EV: 10    Int:  9    God:
Gold:   109        SH:  0    Dex: 10    Spells: 3/3 levels left

rFire   . . .      SeeInvis .   a - +0 trident
rCold   . . .      Faith    .   (no shield)
rNeg    . . .      Spirit   .   b - +0 robe
rPois   .          Reflect  .   c - +1 hat
rElec   .          Harm     .   (no cloak)
rCorr   .          Rampage  .   (gloves unavailable)
Will    .....                   (boots unavailable)
Stlth   +.........              (no amulet)
HPRegen 0.16/turn               (no ring)
MPRegen 0.09/turn               (no ring)

@: confused
A: large, unfitting armour, tough skin 1
a: no special abilities


You were on level 2 of the Dungeon.
You visited 1 branch of the dungeon, and saw 2 of its levels.

You collected 109 gold pieces.

Inventory:

Hand Weapons
 a - a +0 trident (weapon)
Missiles
 d - 3 throwing nets (quivered)
Armour
 b - a +0 robe (worn)
 c - a +1 hat (worn)
Scrolls
 m - a scroll of summoning {unknown}
Potions
 f - a potion of curing
 j - a potion of haste {unknown}
 k - a potion of might {unknown}
 l - 2 potions of flight


   Skills:
 + Level 3.7 Fighting
 + Level 3.5 Polearms
 + Level 2.7 Throwing
 - Level 3.0 Dodging


You had 3 spell levels left.
You didn't know any spells.
Your spell library contained the following spells:

 Spells                   Type           Power      Damage    Failure   Level
 Foxfire                  Conj/Fire      0%         2x1d4     38%         1
 Conjure Flame            Conj/Fire      0%         6-21      77%         3
 Inner Flame              Hex/Fire       0%         N/A       77%         3
 Flame Wave               Conj/Fire      0%         2d4       99%         4


Dungeon Overview and Level Annotations

Branches:
Dungeon (2/15)

Altars:


Innate Abilities, Weirdness & Mutations

You are too large for most types of armour.
You have tough skin. (AC +1)


Message History

Reach: a) +0 trident
Press: ? - help, Dir - move target You closely miss something.
You hear some strange, mumbled words.
Something tries to affect you, but you resist.
You hear some strange, mumbled words.
Something tries to affect you, but you resist.
Reach: a) +0 trident
Press: ? - help, Dir - move target You hit something but do no damage.
Something hits you but does no damage.
You writhe in agony.
Reach: a) +0 trident
Press: ? - help, Dir - move target You miss something.
Something hits you but does no damage.
You writhe in agony.
* * * LOW HITPOINT WARNING * * *
Reach: a) +0 trident
Press: ? - help, Dir - move target You completely miss something.
You hear some strange, mumbled words.
You are confused.
Confused reach: a) +0 trident
Press: ? - help, Dir - move target You completely miss something.
Something hits you but does no damage.
You writhe in agony.
* * * LOW HITPOINT WARNING * * *
You swing at nothing.
Something hits you.
* * * LOW HITPOINT WARNING * * *
You writhe in agony.
* * * LOW HITPOINT WARNING * * *
You cannot move. (Use ctrl+direction or * direction to attack while stationary and confused.)
You cannot move. (Use ctrl+direction or * direction to attack while stationary and confused.) Confused reach: a) +0 trident
Press: ? - help, Dir - move target You barely miss something.
You feel less wooden.
Your +1 hat unmelds from your body.
Your +0 robe unmelds from your body.
You hear some strange, mumbled words.
A puff of flame appears from out of thin air!
The puff of flame hits you!
You die...

..l #... .. #### #.#
# >. # #. ###### #)##
#..... #lo# #.####
#{# #.##.. #@##
#.##.# #..### #....#
##...# ###### ###.###
#######...#### ###
#............# #..
.............# #..
.............######..
..###..............#.


You could see an orc and a frilled lizard.

Vanquished Creatures
  2 adders (D:2)
  3 dart slugs (D:2)
  An orc (D:2)
  8 endoplasms
  2 giant cockroaches (D:1)
  A goblin (D:1)
  2 hobgoblins (D:1)
  4 quokkas
  4 bats
  3 frilled lizards (D:1)
  A rat (D:2)
31 creatures vanquished.

Notes
Turn   | Place    | Note
-------+----------+-------------------------------------------
     0 | D:1      | Smoke131 the Ogre Gladiator began the quest for the Orb.
     0 | D:1      | Reached XP level 1. HP: 22/22 MP: 1/1
   356 | D:1      | Reached XP level 2. HP: 22/31 MP: 2/2
  1174 | D:2      | Reached XP level 3. HP: 37/37 MP: 3/3
  1746 | D:2      | Found a faded altar of an unknown god.
  1832 | D:2      | Reached XP level 4. HP: 29/48 MP: 4/4
  1847 | D:2      | Killed from afar by an orc wizard

Illustrated notes

Levels and vault maps discovered:
D:1:      dpeg_chamrin_arrival_tetris, layout_loops_ring
D:2:      layout_basic, dreamdust_ecumenical_altar_angels_and_demons

Skill      XL: |  1  2 |
---------------+-------+-----
Fighting       | 3 |  3.7
Dodging        | 3 |  3.0
Polearms       | |  3.5
Throwing       | |  2.7

Action                   |  1- 3 |  4- 6 || total
-------------------------+-------+-------++-------
Melee: Trident           |    96 |    15 ||   111
Throw: Large rock        |     1 |       ||     1
  Use: Potion            |     3 |       ||     3
       Scroll            |     2 |       ||     2
 Stab: Sleeping          |     2 |       ||     2
Armor: Robe              |    36 |       ||    36
       Skin              |     4 |     9 ||    13
Dodge: Dodged            |    65 |       ||    65
